[Event "*** Titled Tuesday Blitz"]
[Site "Chess.com"]
[Date "2021.03.02"]
[Round "4"]
[White "KruHor"]
[Black "MendozaDavid2000"]
[Result "1-0"]
[WhiteElo "2528"]
[BlackElo "2339"]
[TimeControl "180+1"]
[EndTime "10:38:08 PST"]
[Termination "KruHor won on time"]

1. e4 c5 2. Nf3 d6 3. d4 cxd4 4.
Nxd4 Nf6 5. Nc3 a6 6. Qe2 e6 7. g4 Qc7 8. g5 Nfd7 9. h4 Nc6 10.
Nb3 Nc5 11. Be3 Nxb3 12. axb3 Bd7 13. f4 g6 14. Qd2 O-O-O 15. Na4 Bg7 16. Bb6 Qb8 17. Nc3 Qa8 18. Nb5 Be8 19. Nxd6+ 1-0

[Event "*** Titled Tuesday Blitz"]
[Site "Chess.com"]
[Date "2021.03.02"]
[Round "4"]
[White "Bigfish1995"]
[Black "tapu2"]
[Result "1-0"]
[WhiteElo "3123"]
[BlackElo "2553"]
[TimeControl "180+1"]
[EndTime "10:38:09 PST"]
[Termination "Bigfish1995 won by resignation"]

1. e4 Nf6 2. e5 Nd5 3. d4 d6 4. c4 Nb6 5. f4 g6 6. Nc3 Bg7 7. Be3 O-O 8. c5 N6d7 9. Nf3 b6 10. Bc4 bxc5 11. dxc5 Nxc5 12. Bxc5 dxc5 13. Qe2 Nc6 14. Rd1 Nd4 15. Nxd4 cxd4 16. Qe4 Bf5 17. Qxd4 Qb8 18. Nd5 Kh8 19. O-O Rd8 20. Qc3 Bg4 21. Rd2 c6 22. Ne3 Qb6 23. Rff2 f6 24. Nxg4 h5 25. Ne3 fxe5 26. fxe5 a5 27. h4 Kh7 28. Kh2 Qc5 29. g3 Kh8 30. Rxd8+ Rxd8 31. Bf7 Qxc3 32. bxc3 Bxe5 33. Nc4 Bc7 34. Re2 e5 35. Bxg6 Rg8 36.
Be4 1-0

[Event "*** Titled Tuesday Blitz"]
[Site "Chess.com"]
[Date "2021.03.02"]
[Round "4"]
[White "ApoIogiA"]
[Black "LileKoridze"]
[Result "0-1"]
[WhiteElo "2209"]
[BlackElo "2411"]
[TimeControl "180+1"]
[EndTime "10:38:10 PST"]
[Termination "LileKoridze won by resignation"]

1. d4 Nf6 2. c4 e6 3. Nc3 Bb4 4. f3 d5 5. cxd5 exd5 6. Bg5 O-O 7. e3 h6 8. Bh4 Be7 9. Bd3 c6 10.
Nge2 Re8 11. O-O Nbd7 12. e4 dxe4 13. fxe4 Nf8 14. Qd2 Nxe4 15. Qf4 Nxc3 16. Qxf7+ Kh8 17. Nf4 Bxh4 18. Ng6+ Nxg6 19. Qxg6 Ne4 20. Bxe4 Rxe4 21. Qxe4 Bf6 22. Rad1 Bd7 23. g4 Qc8 24. h3 Qe8 25.
Qf3 Qg6 26. Rd2 Re8 27. Rdf2 Bxd4 0-1

[Event "*** Titled Tuesday Blitz"]
[Site "Chess.com"]
[Date "2021.03.02"]
[Round "4"]
[White "KerryStead"]
[Black "Galiev_Azat"]
[Result "0-1"]
[WhiteElo "2012"]
[BlackElo "2379"]
[TimeControl "180+1"]
[EndTime "10:38:10 PST"]
[Termination "Galiev_Azat won on time"]

1. d4 Nf6 2. f3 d5 3. e4 dxe4 4.
Nc3 exf3 5. Nxf3 Bg4 6. h3 Bh5 7. g4 Bg6 8. Ne5 Nbd7 9. Qf3 c6 10. Bg5 e6 11. O-O-O Be7 12. Nxg6 hxg6 13. Bd3 Qa5 14.
Bxf6 Nxf6 15. Kb1 O-O-O 16. Ne2 Qd5 17. Qf2 g5 18. Ng3 Qxd4 19. Qg2 Qb4 20. c3 Qb6 21. Rhe1 Nd5 22. Kc2 Nf4 23. Qf1 Rxh3 24. Ne4 Rh2+ 0-1

[Event "*** Titled Tuesday Blitz"]
[Site "Chess.com"]
[Date "2021.03.02"]
[Round "4"]
[White "KuzubovYuriy"]
[Black "Azeryahu"]
[Result "1-0"]
[WhiteElo "2916"]
[BlackElo "2726"]
[TimeControl "180+1"]
[EndTime "10:38:11 PST"]
[Termination "KuzubovYuriy won by resignation"]

1. d4 d5 2. c4 e6 3. Nc3 a6 4. cxd5 exd5 5. Nf3 c6 6. Bf4 Bd6 7. Qd2 Nf6 8. Ne5 O-O 9. e3 Bf5 10. f3 Nh5 11. g4 Nxf4 12. gxf5 Qh4+ 13. Kd1 Nh5 14. Rg1 Nf6 15. f4 Bb4 16. Bd3 Bxc3 17. bxc3 Nbd7 18. Kc2 Rab8 19. Qg2 Qh6 20. Raf1 Nxe5 21.
fxe5 Nh5 22. Rf3 c5 23. Rh3 g6 24. Be2 Kh8 25. Bxh5 gxh5 26. Rxh5 1-0

[Event "*** Titled Tuesday Blitz"]
[Site "Chess.com"]
[Date "2021.03.02"]
[Round "4"]
[White "Leo_C"]
[Black "Federtiu"]
[Result "0-1"]
[WhiteElo "2429"]
[BlackElo "2620"]
[TimeControl "180+1"]
[EndTime "10:38:13 PST"]
[Termination "Federtiu won by resignation"]

1. d4 Nf6 2. c4 e6 3. Nc3 Bb4 4. e3 Ne4 5. Bd2 Nxc3 6. bxc3 Be7 7. Bd3 d6 8. e4 e5 9. f4 Nc6 10. Nf3 Bg4 11. Be3 Bh4+ 12. g3 Bf6 13. d5 exf4 14.
gxf4 Bxc3+ 15. Kf2 Nd4 16. Bxd4 Bxd4+ 17. Nxd4 Qh4+ 18.
Kg2 Bxd1 19. Raxd1 Qg4+ 20. Kf2 Qxf4+ 21. Nf3 O-O 22.
Rhg1 Rae8 23. Rde1 g6 24. h4 h5 25. Rg2 Kg7 26. Rg3 Re7 27. Reg1 Rxe4 28. Bxe4 Qxe4 29. Ng5 Qd4+ 30. Kg2 Qxc4 31. Kh3 Qxd5 32. Nf3 Qe6+ 0-1

[Event "*** Titled Tuesday Blitz"]
[Site "Chess.com"]
[Date "2021.03.02"]
[Round "4"]
[White "AsaHoffmann"]
[Black "MerryPoppies"]
[Result "1-0"]
[WhiteElo "2298"]
[BlackElo "2136"]
[TimeControl "180+1"]
[EndTime "10:38:15 PST"]
[Termination "AsaHoffmann won by resignation"]

1. d4 d5 2. Bg5 h6 3. Bh4 c6 4.
e3 Qb6 5. b3 Bf5 6. Bd3 Bxd3 7.
Qxd3 Nd7 8. Nf3 Ngf6 9. Nbd2 e6 10. O-O Be7 11. c4 dxc4 12. bxc4 O-O 13. Rab1 Qc7 14.
e4 e5 15. Bg3 Rad8 16. d5 Bd6 17. Nb3 Rfe8 18. h3 Nc5 19. Nxc5 Bxc5 20. Rfd1 cxd5 21.
cxd5 b6 22. Rdc1 Qd6 23. a4 Rb8 24. Rc4 Nd7 25. Nd2 Bd4 26. Rxd4 Nc5 27. Qc2 Rec8 28.
Rc4 f6 29. Qd1 1-0

[Event "*** Titled Tuesday Blitz"]
[Site "Chess.com"]
[Date "2021.03.02"]
[Round "4"]
[White "Tactictic"]
[Black "CraiggoryC"]
[Result "0-1"]
[WhiteElo "2420"]
[BlackElo "2267"]
[TimeControl "180+1"]
[EndTime "10:38:17 PST"]
[Termination "CraiggoryC won by checkmate"]

1. e4 e6 2. d4 d5 3. Nd2 Be7 4. Ngf3 Nf6 5. Bd3 c5 6. exd5 exd5 7. dxc5 a5 8. O-O O-O 9. Nb3 Na6 10. h3 a4 11.
Nbd4 Nxc5 12. Bf5 Re8 13. Bf4 Nfe4 14. Bxc8 Rxc8 15. c3 a3 16. Qc2 axb2 17. Qxb2 Nd3 18. Qxb7 Nxf4 19. Ne5 Rc7 20. Qb2 Bf6 21. Nec6 Qc8 22.
Rad1 Rxc6 23. Nxc6 Qxc6 24. Qb3 Nxc3 25. Rd2 d4 26. a4 Qxg2# 0-1

[Event "*** Titled Tuesday Blitz"]
[Site "Chess.com"]
[Date "2021.03.02"]
[Round "4"]
[White "DenishevM"]
[Black "GadimbayliA"]
[Result "1-0"]
[WhiteElo "2629"]
[BlackElo "2808"]
[TimeControl "180+1"]
[EndTime "10:38:18 PST"]
[Termination "DenishevM won on time"]

1. Nf3 d5 2. d4 Nc6 3. c4 e5 4. dxe5 d4 5. a3 Nge7 6. e3 Bg4 7. Be2 dxe3 8. Qxd8+ Rxd8 9. Bxe3 Bxf3 10. Bxf3 Nxe5 11. Be2 Nf5 12. Bf4 Nd4 13. Bxe5 Nc2+ 14.
Kf1 Nxa1 15. g3 c6 16. Kg2 f6 17. Bf4 Nb3 18. Nc3 Bd6 19. Be3 Bc5 20. Bf4 g5 21. Bh5+ Kf8 22. Bc1 Kg7 23. Ne4 Bd4 24. h4 1-0

[Event "*** Titled Tuesday Blitz"]
[Site "Chess.com"]
[Date "2021.03.02"]
[Round "4"]
[White "Andrakhanova"]
[Black "zurzan"]
[Result "1-0"]
[WhiteElo "2255"]
[BlackElo "2058"]
[TimeControl "180+1"]
[EndTime "10:38:19 PST"]
[Termination "Andrakhanova won by resignation"]

1. c4 f5 2. Nc3 Nf6 3. g3 g6 4. Bg2 Bg7 5. e3 O-O 6. Nge2 d6 7. O-O e5 8. b3 c6 9. Bb2 e4 10.
d3 exd3 11. Qxd3 Na6 12. Rad1 Nc5 13. Qxd6 Qxd6 14. Rxd6 Nfe4 15. Nxe4 Nxe4 16. Bxg7 Nxd6 17. Bxf8 Kxf8 18. Rd1 Ke7 19. c5 Nf7 20. f4 Be6 21.
Kf2 g5 22. Nd4 g4 23. e4 fxe4 24. Nxe6 Kxe6 25. Bxe4 h5 26. Re1 Kf6 27. Rd1 Rd8 28.
Rxd8 Nxd8 29. Ke3 Ne6 30. b4 Nc7 31. Kd3 Na6 32. Kc4 Nc7 33. a4 Ne6 34. b5 cxb5+ 35.
axb5 b6 36. c6 Nc7 37. Bc2 Kf7 38. Be4 Kf6 39. Bg2 Kf7 40. h3 Kf6 41. hxg4 hxg4 42. Bf1 Kf5 43. Be2 Ne6 44. Bd3+ Kf6 45. Kd5 Nc7+ 46.
Kd6 Ne8+ 47. Kd7 1-0

[Event "*** Titled Tuesday Blitz"]
[Site "Chess.com"]
[Date "2021.03.02"]
[Round "4"]
[White "nurgyulsalimova"]
[Black "tomsishere"]
[Result "0-1"]
[WhiteElo "2643"]
[BlackElo "2502"]
[TimeControl "180+1"]
[EndTime "10:38:20 PST"]
[Termination "tomsishere won by resignation"]

1. Nf3 b6 2. g3 Bb7 3. Bg2 Nf6 4. d4 c5 5. O-O cxd4 6. Nxd4 Bxg2 7. Kxg2 Nc6 8. c4 Rc8 9. b3 e6 10. Bb2 Nxd4 11.
Qxd4 Bc5 12. Qh4 Be7 13. Nd2 Rc5 14. Rad1 Qa8+ 15. Nf3 g5 16. Qh6 Rf5 17. Kg1 Bf8 18.
Qxf6 Rxf6 19. Bxf6 Rg8 20. Bxg5 Be7 21. Bf4 Qe4 22.
Rd2 Qxf4 23. Rfd1 Qc7 24. Nd4 Bc5 25. e3 Bxd4 26. Rxd4 Rg5 27. Rh4 h5 28. Rhd4 b5 29. cxb5 Rxb5 30. Rc4 Rc5 31. Rdc1 Rxc4 32. Rxc4 Qe5 33.
Ra4 a5 34. h4 Qc3 35. Kg2 Qd2 36. Kg1 d5 37. Kg2 e5 0-1

[Event "*** Titled Tuesday Blitz"]
[Site "Chess.com"]
[Date "2021.03.02"]
[Round "4"]
[White "MarcoRiehle"]
[Black "SergeyShtyka"]
[Result "1-0"]
[WhiteElo "2680"]
[BlackElo "2455"]
[TimeControl "180+1"]
[EndTime "10:38:21 PST"]
[Termination "MarcoRiehle won by checkmate"]

1. e4 c5 2. a3 b6 3. b4 Bb7 4.
Bb2 Bxe4 5. Nc3 Bb7 6. Nf3 Nf6 7. Bc4 e6 8. O-O cxb4 9. axb4 Bxb4 10. Nb5 d5 11. Bb3 a6 12. Nbd4 O-O 13. Ne5 Bc5 14. Qf3 Bxd4 15. Bxd4 Nc6 16. Nxc6 Bxc6 17. Qg3 a5 18. c3 Ne8 19. Rfe1 Bd7 20. Bc2 f6 21. Rab1 Rb8 22. Qh4 g6 23. f4 Nd6 24. Re3 Nf5 25. Bxf5 exf5 26. Rbe1 Rf7 27. Qg3 a4 28. h4 a3 29. h5 g5 30. fxg5 Rg7 31. Bxf6 Qxf6 32. Qxb8+ Qf8 33. Re8 Bxe8 34. Rxe8 a2 35. Rxf8# 1-0

[Event "*** Titled Tuesday Blitz"]
[Site "Chess.com"]
[Date "2021.03.02"]
[Round "4"]
[White "XanoushX_X"]
[Black "Matols"]
[Result "1-0"]
[WhiteElo "2497"]
[BlackElo "2270"]
[TimeControl "180+1"]
[EndTime "10:38:23 PST"]
[Termination "XanoushX_X won by resignation"]

1. d4 Nf6 2. c4 e6 3. Nc3 Bb4 4. Qc2 d5 5. cxd5 exd5 6. Bg5 O-O 7. e3 c6 8. Bd3 h6 9. Bh4 Re8 10. Ne2 Nbd7 11. O-O Nf8 12. a3 Be7 13. f3 Ne6 14. Rad1 Qc7 15. Bg3 Bd6 16. Bxd6 Qxd6 17. Ng3 c5 18.
Nf5 Qf8 19. Nb5 Bd7 20. Nbd6 cxd4 21. Nxe8 Rxe8 22. Nxd4 Nxd4 23. exd4 Qd6 24. Rfe1 Rc8 25. Qd2 Be6 26. Rc1 Rxc1 27. Rxc1 Nh5 28. Qc3 Nf4 29.
Bf1 g5 30. Qc7 Qf8 31. Qxb7 1-0

[Event "*** Titled Tuesday Blitz"]
[Site "Chess.com"]
[Date "2021.03.02"]
[Round "4"]
[White "albi1999"]
[Black "volkanyirik"]
[Result "1/2-1/2"]
[WhiteElo "2585"]
[BlackElo "2409"]
[TimeControl "180+1"]
[EndTime "10:38:26 PST"]
[Termination "Game drawn by repetition"]

1. Nf3 Nf6 2. g3 g6 3. Bg2 Bg7 4. O-O O-O 5. c4 d6 6. b3 Ne4 7. d4 c5 8. Bb2 Nc6 9. Nbd2 Nxd2 10. Qxd2 Bg4 11. d5 Bxf3 12. Bxf3 Nd4 13. Bg2 a5 14. e3 Nf5 15. Bxg7 Kxg7 16. Qc3+ Kg8 17. a4 Qb6 18. h4 Qb4 19. Qxb4 axb4 20. Bh3 Ng7 21. e4 f5 22. Rae1 f4 23. e5 fxg3 24. fxg3 Rxf1+ 25. Kxf1 Rf8+ 26. Kg2 b6 27. exd6 exd6 28. Re7 Rf7 29.
Be6 Nxe6 30. Rxe6 Rd7 31. g4 Kf7 32. Kg3 Rd8 33. Kf4 h6 34. h5 gxh5 35. gxh5 Kg7 36.
Ke4 Rd7 37. Re8 Kf7 38. Rh8 Kg7 39. Rb8 Re7+ 40. Kf5 Re5+ 41. Kf4 Rxh5 42. Rxb6 Rh3 43. Rxd6 Rxb3 44. Rc6 Rc3 45. Rxc5 b3 46. Ke5 b2 47. Rb5 Rxc4 48. a5 Ra4 49. Rxb2 Rxa5 50. Ke6 Ra1 51.
d6 Re1+ 52. Kd7 h5 53. Rb5 Kg6 54. Kc7 Rc1+ 55. Kd8 h4 56. d7 h3 57. Rb3 h2 58.
Rh3 h1=Q 59. Rxh1 Rxh1 60. Ke7 Re1+ 61. Kd6 Rd1+ 62. Ke7 Re1+ 63. Kd6 Rd1+ 64. Ke7 Re1+ 1/2-1/2

[Event "*** Titled Tuesday Blitz"]
[Site "Chess.com"]
[Date "2021.03.02"]
[Round "4"]
[White "VFernandezB"]
[Black "ellennilssen"]
[Result "1-0"]
[WhiteElo "2491"]
[BlackElo "2269"]
[TimeControl "180+1"]
[EndTime "10:38:27 PST"]
[Termination "VFernandezB won by resignation"]

1. e4 e6 2. d4 d5 3. Bd3 dxe4 4. Bxe4 Nf6 5. Bf3 c5 6. Ne2 Nc6 7. Be3 Nd5 8. Bxd5 Qxd5 9. O-O cxd4 10. Nxd4 Be7 11. Nc3 Qd7 12. Qg4 O-O 13. Rad1 e5 14.
Qxd7 Bxd7 15. Ndb5 Bf5 16. Rd2 Rad8 17. Rfd1 Rxd2 18. Rxd2 Rd8 19. Nd5 Kf8 20. c3 b6 21.
f3 Be6 22. Nbc7 Bc8 23. Kf2 Bc5 24. b4 Be7 25. a4 a5 26. b5 Nb8 27. Bxb6 Rxd5 28.
Nxd5 1-0

[Event "*** Titled Tuesday Blitz"]
[Site "Chess.com"]
[Date "2021.03.02"]
[Round "4"]
[White "francyIM"]
[Black "Orest_Vovk"]
[Result "1-0"]
[WhiteElo "2689"]
[BlackElo "2502"]
[TimeControl "180+1"]
[EndTime "10:38:28 PST"]
[Termination "francyIM won by resignation"]

1. e4 g5 2. d4 g4 3. Qxg4 d5 4. Qd1 dxe4 5. Nc3 Nf6 6. Bc4 Nc6 7. Nge2 Rg8 8. O-O Bh3 9. Ng3 Nxd4 10. Be3 e5 11. gxh3 Nf3+ 12. Kh1 Qc8 13. Ncxe4 Nxe4 14. Qxf3 Nd6 15. Bb3 Qxh3 16. Ba4+ Ke7 17. Rad1 Qg4 18. Qxg4 Rxg4 19. Bb3 f5 20. f4 e4 21. Bc5 Kf6 22.
Bxd6 Bxd6 23. Rd5 Rxg3 24. hxg3 h5 25. Kg2 Kg6 26. Ba4 Rh8 27. Bd7 Rf8 28. Rfd1 Rf7 29. Be8 1-0

[Event "*** Titled Tuesday Blitz"]
[Site "Chess.com"]
[Date "2021.03.02"]
[Round "4"]
[White "LionTheLeon_06"]
[Black "SilviusTiberius"]
[Result "1-0"]
[WhiteElo "2716"]
[BlackElo "2514"]
[TimeControl "180+1"]
[EndTime "10:38:29 PST"]
[Termination "LionTheLeon_06 won on time"]

1. c4 e6 2. Nf3 Nf6 3. Nc3 d5 4.
d4 Be7 5. Bf4 O-O 6. e3 Nbd7 7.
c5 Nh5 8. Bd3 Nxf4 9. exf4 c6 10.
O-O b6 11. b4 a5 12. a3 Ba6 13.
Bxa6 Rxa6 14. b5 cxb5 15. c6 Nb8 16. Ne5 Bd6 17. Rc1 Bxe5 18. dxe5 Nxc6 19. Nxd5 Qxd5 20. Qxd5 exd5 21. Rxc6 b4 22. axb4 axb4 23. g3 Rfa8 24. Kg2 Kf8 25. Rb1 Rd8 26. Rxb4 d4 27. Rbxb6 Rxb6 28. Rxb6 d3 29. Rb1 Ke7 30. Kf3 Ke6 31. Ke4 d2 32.
Rd1 g6 33. Ke3 f6 34. exf6 Kxf6 35. Rxd2 Re8+ 36. Kf3 h5 37. Rd6+ Kg7 38. Rd5 Re7 39. h3 Kf6 40. Rg5 Ra7 41. h4 Ra3+ 42. Kg2 Ra7 43. f5 gxf5 44. Rxh5 Ra3 45. Rh6+ Ke5 46. Rb6 f4 47. g4 1-0

[Event "*** Titled Tuesday Blitz"]
[Site "Chess.com"]
[Date "2021.03.02"]
[Round "4"]
[White "LEGENYA1998"]
[Black "HajiyevKanan"]
[Result "0-1"]
[WhiteElo "2248"]
[BlackElo "2434"]
[TimeControl "180+1"]
[EndTime "10:38:29 PST"]
[Termination "HajiyevKanan won by resignation"]

1. e4 c6 2. d4 d5 3. e5 Bf5 4. Nf3 e6 5. Bd3 c5 6. Bxf5 exf5 7. O-O Nc6 8. c3 g6 9. Re1 Bg7 10. e6 fxe6 11. Rxe6+ Nge7 12. dxc5 O-O 13. Bg5 h6 14. Bf4 Qc8 15. Re1 Kh7 16. Nbd2 Ng8 17. Nb3 Nf6 18. Ne5 a5 19. Nxc6 Qxc6 20. Bd6 Rfe8 21. a4 Ne4 22.
Nd4 Qd7 23. f3 Nxd6 24. cxd6 Rxe1+ 25. Qxe1 Bxd4+ 26. cxd4 Qxd6 27. Rd1 Rc8 28. Rc1 Rxc1 29. Qxc1 Qb6 30. Qc5 Qxc5 31. dxc5 Kg7 32. Kf2 Kf6 33. Ke3 g5 34. g3 Ke7 35. Kd4 Ke6 36. f4 g4 37. Kc3 Kd7 38. Kd4 Kc6 39. Ke5 Kxc5 40. Kxf5 d4 41. Ke4 Kc4 42. f5 d3 43. f6 d2 44. Ke3 d1=Q 0-1

[Event "*** Titled Tuesday Blitz"]
[Site "Chess.com"]
[Date "2021.03.02"]
[Round "4"]
[White "Durarbayli"]
[Black "googlegoom"]
[Result "1-0"]
[WhiteElo "2769"]
[BlackElo "2469"]
[TimeControl "180+1"]
[EndTime "10:38:30 PST"]
[Termination "Durarbayli won by resignation"]

1. e4 c5 2. Nf3 Nc6 3. Nc3 e6 4. d4 cxd4 5. Nxd4 Qb6 6. Nb3 Nf6 7. a3 a6 8. g4 h6 9. Bg2 d6 10. h4 Qc7 11. g5 hxg5 12. hxg5 Rxh1+ 13. Bxh1 Nd7 14. f4 b5 15. f5 Nde5 16. Bf4 Bd7 17. Qh5 O-O-O 18. O-O-O Kb7 19. Bg2 Be8 20. Qe2 Nc4 21. g6 N6e5 22. Nd4 Qe7 23. gxf7 Bxf7 24. fxe6 Bxe6 25. Nd5 Qf7 26. Nxe6 Qxe6 27. Qf2 Rc8 28.
b3 Nxa3 29. Qb6+ Ka8 30. Qxa6+ Kb8 31. Qb6+ Ka8 32. Qa6+ Kb8 33. Qxa3 1-0

[Event "*** Titled Tuesday Blitz"]
[Site "Chess.com"]
[Date "2021.03.02"]
[Round "4"]
[White "Joseacorrea"]
[Black "szachuspl"]
[Result "0-1"]
[WhiteElo "2089"]
[BlackElo "2482"]
[TimeControl "180+1"]
[EndTime "10:38:30 PST"]
[Termination "szachuspl won by resignation"]

1. c4 Nf6 2. Nc3 g6 3. e4 d6 4. d4 Bg7 5. f3 O-O 6. Be3 e5 7.
Nge2 Nc6 8. Qd2 a6 9. O-O-O Rb8 10. Bh6 b5 11. d5 Na5 12. Ng3 bxc4 13. h4 c5 14. h5 Qb6 15. Bxg7 Kxg7 16. hxg6 fxg6 17. Qh6+ Kg8 18. Rd2 Rf7 19. Nge2 Rfb7 20. g4 Qc7 21. Ng3 Qg7 22. Qh2 Bd7 23. Rg2 Be8 24. Nf5 Qf8 25. Nh6+ Kh8 26. Be2 Rxb2 27. Nf5 R2b7 28. g5 Nh5 29. f4 Nxf4 30. Qxh7+ Rxh7 0-1

[Event "*** Titled Tuesday Blitz"]
[Site "Chess.com"]
[Date "2021.03.02"]
[Round "4"]
[White "Deepweb2020"]
[Black "fish7728"]
[Result "1-0"]
[WhiteElo "2410"]
[BlackElo "2192"]
[TimeControl "180+1"]
[EndTime "10:38:31 PST"]
[Termination "Deepweb2020 won by resignation"]

1. d4 Nf6 2. c4 g6 3. Nf3 Bg7 4. g3 d6 5. Bg2 O-O 6. O-O Nbd7 7.
Nc3 e5 8. e4 c6 9. h3 Re8 10. Re1 Qb6 11. c5 dxc5 12. dxe5 Nxe5 13. Nxe5 Rxe5 14. Na4 Qb4 15. Bf4 Re8 16. Bd6 b6 17. e5 Nd5 18. a3 Qb5 19. Bf1 Qa5 20. b4 Nxb4 21. axb4 Qxb4 22. Bg2 Bb7 23. Re4 Qa5 24.
Nxc5 1-0

[Event "*** Titled Tuesday Blitz"]
[Site "Chess.com"]
[Date "2021.03.02"]
[Round "4"]
[White "PaulfromSPb"]
[Black "rpragchess"]
[Result "1-0"]
[WhiteElo "2708"]
[BlackElo "2859"]
[TimeControl "180+1"]
[EndTime "10:38:33 PST"]
[Termination "PaulfromSPb won by resignation"]

1. d4 g6 2. e4 Bg7 3. Nc3 d6 4. f4 Nf6 5. Nf3 O-O 6. Bd3 Nc6 7. e5 dxe5 8. fxe5 Nh5 9. Bc4 Bg4 10. Be3 Na5 11.
Be2 c5 12. dxc5 Nc6 13. O-O Qa5 14. Qe1 Rad8 15. Qh4 Qb4 16. Rab1 Bxf3 17. Qxb4 Nxb4 18. Bxf3 Nxc2 19. Bg5 f6 20. Bh4 Rd7 21. Rbd1 Rfd8 22. Bd5+ Kh8 23. Bxb7 Ne3 24. Rxd7 Rxd7 25. c6 Rc7 26.
Re1 Bh6 27. Nb5 1-0

[Event "*** Titled Tuesday Blitz"]
[Site "Chess.com"]
[Date "2021.03.02"]
[Round "4"]
[White "BvsN"]
[Black "Ural_bogatyr"]
[Result "0-1"]
[WhiteElo "2311"]
[BlackElo "2508"]
[TimeControl "180+1"]
[EndTime "10:38:33 PST"]
[Termination "Ural_bogatyr won on time"]

1. c4 Nf6 2. Nc3 e6 3. e4 d5 4. e5 Nfd7 5. cxd5 Nxe5 6. d4 Ng6 7. dxe6 Bxe6 8. d5 Bf5 9. Nf3 Nd7 10.
Nd4 Qf6 11. g4 Qe5+ 12. Be3 Be4 13. Nxe4 Qxe4 14. Qf3 Bb4+ 15. Kd1 Qe7 16. Nf5 Qf6 17. Bd4 Nde5 18. Qb3 Qg5 19. Ne3 Bd6 20. Bb5+ c6 21.
dxc6 bxc6 22. Be2 Qf4 23. Qc3 O-O 24. Rf1 Rfd8 25. Ke1 Nh4 26. Nf5 Nhf3+ 27. Bxf3 Nxf3+ 28.
Kd1 Bb4 0-1

[Event "*** Titled Tuesday Blitz"]
[Site "Chess.com"]
[Date "2021.03.02"]
[Round "4"]
[White "AldokhinIvan"]
[Black "ChessQueen"]
[Result "0-1"]
[WhiteElo "2523"]
[BlackElo "2733"]
[TimeControl "180+1"]
[EndTime "10:38:34 PST"]
[Termination "ChessQueen won by resignation"]

1. e4 c6 2. Nc3 d5 3. d4 dxe4 4.
Nxe4 Nf6 5. Nxf6+ exf6 6. c3 Bd6 7. Bd3 O-O 8. Qc2 h5 9. Ne2 Re8 10. O-O Nd7 11. Ng3 Bxg3 12. hxg3 Nf8 13. Bd2 Bg4 14.
Rae1 Qd7 15. f3 Be6 16. Re2 Qc7 17. Bf4 Qa5 18. a3 c5 19. b4 cxb4 20. axb4 Qb6 21.
Be3 Qc7 22. Bf4 Qb6 23. Kh2 Rac8 24. Rfe1 Red8 25. Re3 a5 26. bxa5 Qxa5 27. Be4 h4 28. gxh4 Qh5 29. Bg3 f5 30. Bxb7 f4 31. Bxc8 fxg3+ 32.
Kxg3 Rxc8 33. Re5 Qh6 34. d5 Ng6 35. R5e4 Bxd5 36. Re8+ Rxe8 37. Rxe8+ Kh7 38. Qa4 Bc6 0-1

[Event "*** Titled Tuesday Blitz"]
[Site "Chess.com"]
[Date "2021.03.02"]
[Round "4"]
[White "heyjohnnypark"]
[Black "Snowflake"]
[Result "1-0"]
[WhiteElo "2605"]
[BlackElo "2352"]
[TimeControl "180+1"]
[EndTime "10:38:36 PST"]
[Termination "heyjohnnypark won by resignation"]

1. d4 Nf6 2. Nf3 d6 3. c4 Bf5 4. Nc3 Ne4 5. Nxe4 Bxe4 6. e3 c6 7. Be2 g6 8. O-O Bg7 9. b3 O-O 10. Bb2 Nd7 11. Nd2 Bf5 12. e4 Be6 13. Qc2 Nf6 14.
d5 Bd7 15. dxc6 Bxc6 16. Rfe1 Qc7 17. Bf1 Rae8 18. Rad1 Rd8 19. Nb1 Rfe8 20. Nc3 Qb8 21. Nd5 Nxd5 22. cxd5 Bd7 23. Bxg7 Kxg7 24. Qb2+ Kg8 25.
e5 dxe5 26. Rxe5 Bf5 27. Rde1 Qd6 28. Qd4 a6 29. R1e3 f6 30. Rxf5 gxf5 31. Qh4 Rf8 32.
Re6 Qxd5 33. Bc4 Qxc4 34. Qxc4 Rd1+ 35. Re1+ 1-0

[Event "*** Titled Tuesday Blitz"]
[Site "Chess.com"]
[Date "2021.03.02"]
[Round "4"]
[White "miredenizdogan"]
[Black "erdni1993"]
[Result "1-0"]
[WhiteElo "2293"]
[BlackElo "2424"]
[TimeControl "180+1"]
[EndTime "10:38:37 PST"]
[Termination "miredenizdogan won by resignation"]

1. d4 Nf6 2. c4 e6 3. Nc3 c5 4. e3 d5 5. Nge2 dxc4 6. Ng3 Nc6 7. dxc5 Qxd1+ 8. Kxd1 Bxc5 9. Bxc4 Bd7 10. Ke2 O-O-O 11. a3 Ne5 12. Ba2 Bc6 13. b4 Bb6 14. f3 h5 15. b5 h4 16. bxc6 hxg3 17. cxb7+ Kxb7 18. h3 Nd3 19. Bd2 Nf2 20. Rhb1 Rd7 21. a4 Rhd8 22. Be1 Ka8 23. Bc4 Rc7 24. Ba6 Nd5 25. Nxd5 Rxd5 26. a5 Rc2+ 27. Kf1 Nd3 28. axb6 Nxe1 29. bxa7 Rd7 30. Bb7+ Rxb7 31. Rxb7 1-0

[Event "*** Titled Tuesday Blitz"]
[Site "Chess.com"]
[Date "2021.03.02"]
[Round "4"]
[White "Kopytkin"]
[Black "manipun1"]
[Result "1-0"]
[WhiteElo "2361"]
[BlackElo "2221"]
[TimeControl "180+1"]
[EndTime "10:38:38 PST"]
[Termination "Kopytkin won by resignation"]

1. e4 d6 2. d4 Nf6 3. Nc3 e5 4.
dxe5 dxe5 5. Qxd8+ Kxd8 6. f4 Bb4 7. Bd2 exf4 8. e5 Bxc3 9. Bxc3 Ne4 10. O-O-O+ Bd7 11. e6 fxe6 12. Bxg7 Rg8 13. Bd4 Nc6 14. Nh3 e5 15. Bc4 Rxg2 16. Nxf4 Rg4 17. Ne6+ Bxe6 18. Bxe6 Nxd4 19. Bxg4 Nf2 20. Rhf1 Ke7 21. Rxf2 Rg8 22. h3 Rg5 23. c3 Ne6 24. Bxe6 Kxe6 25. Re1 Rh5 26. Rfe2 c5 27. Re3 c4 28. Kc2 b5 29. b3 cxb3+ 30. Kxb3 a6 31. Kb4 Kd5 32.
Rd1+ Kc6 33. Rd8 Rh4+ 34. Kb3 e4 35. Re8 Kd5 36. Rd8+ Kc5 37. Re8 Kd5 38. Ra8 Rf4 39.
Rxa6 Rf2 40. Rb6 1-0

[Event "*** Titled Tuesday Blitz"]
[Site "Chess.com"]
[Date "2021.03.02"]
[Round "4"]
[White "aljado"]
[Black "kai_nov"]
[Result "1-0"]
[WhiteElo "2122"]
[BlackElo "2377"]
[TimeControl "180+1"]
[EndTime "10:38:39 PST"]
[Termination "aljado won on time"]

1. e4 c5 2. Nf3 Nc6 3. d4 cxd4 4.
Nxd4 Nf6 5. Nc3 e5 6. Ndb5 d6 7. Nd5 Nxd5 8. exd5 Nb8 9. Qf3 Be7 10. Qa3 O-O 11.
c4 a6 12. Be2 Nd7 13. Nxd6 Nf6 14. c5 Nxd5 15. O-O Qc7 16. Bf3 Be6 17. Bd2 f5 18.
Bxd5 Bxd5 19. Rfe1 Bf6 20. Nxf5 Qc6 21. Qg3 Qxc5 22.
Rac1 Qb6 23. Bc3 Rae8 24. Bxe5 Bxe5 25. Rxe5 Qf6 26. Rxd5 1-0

[Event "*** Titled Tuesday Blitz"]
[Site "Chess.com"]
[Date "2021.03.02"]
[Round "4"]
[White "chesslh19"]
[Black "McCarthyStone"]
[Result "0-1"]
[WhiteElo "2240"]
[BlackElo "2435"]
[TimeControl "180+1"]
[EndTime "10:38:39 PST"]
[Termination "McCarthyStone won by resignation"]

1. e4 g6 2. d4 Nf6 3. e5 Nh5 4. Nf3 d6 5. Be2 Nc6 6. exd6 Qxd6 7. c3 Bg7 8. O-O O-O 9. Re1 Nf6 10. Be3 Bf5 11. Nbd2 Ng4 12. Bg5 Rfe8 13. Bh4 e5 14.
Bg3 Qd7 15. Nxe5 Ngxe5 16. dxe5 Nxe5 17. Nf3 Rad8 18. Qxd7 Rxd7 19. Nxe5 Bxe5 20. Bb5 c6 21. Bxe5 cxb5 22. Bd4 Rde7 23. Rxe7 Rxe7 24. Bxa7 Re2 25. h3 Rxb2 26. Bd4 Re2 27. a4 bxa4 28. Rxa4 Kf8 29. Rb4 Be4 30. Bc5+ Ke8 31. Bd4 Kd7 32. Rb2 Rxb2 0-1

[Event "*** Titled Tuesday Blitz"]
[Site "Chess.com"]
[Date "2021.03.02"]
[Round "4"]
[White "Vamostodorecto"]
[Black "Fraler15"]
[Result "1/2-1/2"]
[WhiteElo "2433"]
[BlackElo "2284"]
[TimeControl "180+1"]
[EndTime "10:38:40 PST"]
[Termination "Game drawn by repetition"]

1. d4 Nf6 2. c4 e6 3. Nc3 Bb4 4. e3 O-O 5. Bd2 b6 6. Nf3 Bb7 7. Bd3 d5 8. cxd5 exd5 9. O-O Bd6 10. Ne5 a6 11. f4 c5 12. Qf3 Nc6 13. Qh3 g6 14. Be1 cxd4 15. exd4 Nxd4 16. Bh4 Bc5 17. Kh1 Bc8 18. g4 h5 19. f5 hxg4 20. Nxg4 Be7 21. Bxf6 Bxf6 22. fxg6 fxg6 23. Bxg6 Qe7 24. Rxf6 Rxf6 25.
Nxf6+ Qxf6 26. Qh7+ Kf8 27. Kg2 Qf3+ 28. Kg1 Qe3+ 29. Kg2 Qf3+ 30. Kg1 Qe3+ 31. Kg2 Qf3+ 1/2-1/2